 Dungeon Crawl Stone Soup version 0.31.0-11-ge490571c62 (webtiles) character file.

Game seed: 2231981979907425787

645 Curundu the Chopper (level 7, -2/62 HPs)
             Began as a Minotaur Berserker on Feb 3, 2024.
             Was a Believer of Trog.
             Slain by an orc
             ... wielding a +3 heavy trident
              (11 damage)
             ... on level 5 of the Dungeon.
             The game lasted 00:09:59 (3179 turns).

Curundu the Chopper (Minotaur Berserker)            Turns: 3179, Time: 00:10:00

Health: -2/62      AC: 10    Str: 24    XL:     7   Next: 27%
Magic:  6/6        EV:  9    Int:  4    God:    Trog [**....]
Gold:   193        SH:  0    Dex:  9    Spells: 6/6 levels left

rFire   . . .        n - +2 hand axe (heavy)
rCold   . . .        (no shield)
rNeg    . . .        q - +1 chain mail
rPois   .            (helmet restricted)
rElec   .            (no cloak)
rCorr   .            (no gloves)
SInv    .            (no boots)
Will    .....        k - amulet of regeneration Stlth
                     (no ring)
HPRegen 1.10/turn    (no ring)
MPRegen 0.10/turn

%: no passive effects
@: silenced, weak-willed, marked
A: horns 2, retaliatory headbutt
a: Renounce Religion


You were on level 5 of the Dungeon.
You worshipped Trog.
Trog was pleased with you.
You visited 1 branch of the dungeon, and saw 5 of its levels.

You collected 193 gold pieces.

Inventory:

Hand Weapons
 n - a +2 heavy hand axe (weapon)
Missiles
 t - 6 javelins (quivered)
Armour
 q - a +1 chain mail (worn)
Jewellery
 k - an amulet of regeneration (around neck)
Scrolls
 g - a scroll of noise
 h - a scroll of amnesia
 i - a scroll of summoning {unknown}
 m - a scroll of enchant armour
Potions
 b - 2 potions of haste
 d - 2 potions of curing
 e - a potion of ambrosia {unknown}
 j - a potion of attraction {unknown}
 l - 2 potions of berserk rage
 o - a potion of brilliance {unknown}
 p - a potion of might {unknown}
 s - 2 potions of mutation {unknown}


   Skills:
 + Level 5.9 Fighting
 + Level 7.3 Axes
 + Level 3.1 Armour
 + Level 4.2 Dodging
 + Level 1.6 Stealth


You had 6 spell levels left.
You didn't know any spells.
Your spell library was empty.

Dungeon Overview and Level Annotations

Branches:
Dungeon (5/15)
 Temple: D:4-7

Altars:
Cheibriados


Innate Abilities, Weirdness & Mutations

You have a pair of horns on your head.
You reflexively headbutt those who attack you in melee.


Message History

The bullfrog hits you but does no damage.
The orc wizard closely misses you. The gnoll hits you but does no damage.
The hound misses you.
You hit the orc wizard but do no damage.
The orc wizard is severely wounded.
You barely miss the gnoll. You slash the hound! You barely miss the bullfrog.
You barely miss the gnoll bouda. The bullfrog hits you.
The gnoll bouda barely misses you. You furiously retaliate!
You headbutt the gnoll bouda!
An ice beast comes into view.
The orc wizard hits you but does no damage.
The hound bites you. The gnoll closely misses you. You furiously retaliate!
You headbutt the gnoll, but do no damage.
The gnoll hits you but does no damage. The bullfrog barely misses you.
The gnoll hits you but does no damage. The orc closely misses you.
The gnoll bouda hits you with a +0 club.
The hound bites you.
* * * LOW HITPOINT WARNING * * *
The hound barely misses you.
Okay, then.
Okay, then.
You hit the orc priest but do no damage.
Your headbutt misses the orc priest. Your punch misses the orc priest.
You hit the gnoll bouda. You barely miss the gnoll. You barely miss the hound.
You hit the hound.
You kill the hound!
Trog accepts your kill.
You hit the orc wizard. You hit the bullfrog.
The bullfrog hits you but does no damage.
The gnoll hits you from afar with a +0 spear.
* * * LOW HITPOINT WARNING * * *
The gnoll barely misses you. The hound barely misses you.
You furiously retaliate!
You headbutt the hound!
The gnoll hits you from afar with a +0 spear.
* * * LOW HITPOINT WARNING * * *
The bullfrog barely misses you.
The gnoll bouda hits you with a +0 club.
* * * LOW HITPOINT WARNING * * *
The orc hits you from afar with a +3 heavy trident!
You die...

### ## ##.###
# #.##ho.(###
#..#...o@g...#
#...<.sFg...#
##...ooggg.##
....Y....gh.##
####.r#....$.#
#...##.......
.....
...#..##..
#.##.....##.##
. ## #......
..


You could see an ice beast, a bullfrog, a gnoll bouda, a scorpion, 2 hounds, an
orc priest, an orc wizard, 5 gnolls, 2 orcs and a quokka.

Vanquished Creatures
  2 phantoms (D:4)
  3 scorpions
  3 orc priests
  2 hounds (D:5)
  An orc wizard (D:3)
  An adder (D:2)
  8 gnolls (D:4)
  2 ribbon worms
  3 dart slugs
  15 orcs
  5 endoplasms
  3 giant cockroaches
  6 goblins
  7 hobgoblins
  4 quokkas
  2 ball pythons
  4 bats
  4 frilled lizards
  6 kobolds
  3 rats (D:2)
84 creatures vanquished.

Notes
Turn   | Place    | Note
-------+----------+-------------------------------------------
     0 | D:1      | Curundu the Minotaur Berserker began the quest for the Orb.
     0 | D:1      | Reached XP level 1. HP: 19/19 MP: 0/0
   229 | D:1      | Reached skill level 4 in Axes
   229 | D:1      | Reached XP level 2. HP: 27/27 MP: 1/1
   654 | D:2      | Reached XP level 3. HP: 14/33 MP: 2/2
   824 | D:2      | Found a snail-covered altar of Cheibriados.
  1023 | D:2      | Reached ** piety under Trog
  1498 | D:3      | Reached XP level 4. HP: 41/41 MP: 3/3
  1499 | D:3      | Reached skill level 5 in Axes
  1568 | D:3      | Reached XP level 5. HP: 23/47 MP: 4/4
  2007 | D:3      | Reached skill level 5 in Fighting
  2438 | D:4      | Reached skill level 6 in Axes
  2513 | D:4      | Reached XP level 6. HP: 56/56 MP: 5/5
  2589 | D:4      | Reached skill level 1 in Stealth
  2721 | D:4      | Reached skill level 7 in Axes
  2721 | D:4      | Reached XP level 7. HP: 60/62 MP: 6/6
  3153 | D:5      | Entered Level 5 of the Dungeon
  3179 | D:5      | Slain by an orc

Illustrated notes

Levels and vault maps discovered:
D:1:      nzn_arrival_settlement, layout_loops_ring
D:2:      layout_rooms, basic_altar
D:3:      layout_basic, grunt_decor_one_mirror
D:4:      layout_cave_pods
D:5:      layout_cave_pools, kennysheep_big_empty_room, minmay_chambers_of_fives

Skill      XL: |  1  2  3  4  5  6  7 |
---------------+----------------------+-----
Axes           | 4 5 6 7 |  7.3
Fighting       | 4 5 |  5.9
Dodging        | 3 4 |  4.2
Stealth        | 1 |  1.6
Armour         | 3 |  3.1

Action                     |  1- 3 |  4- 6 |  7- 9 || total
---------------------------+-------+-------+-------++-------
  Melee: Hand axe          |    84 |    59 |    15 ||   158
         Headbutt          |    11 |     7 |       ||    18
 Invoke: Trog's Hand       |     1 |       |       ||     1
         Berserk           |       |     1 |       ||     1
    Use: Scroll            |     1 |       |     8 ||     9
 Armour: Animal skin       |    50 |    30 |       ||    80
         Chain mail        |       |    11 |    47 ||    58
  Dodge: Dodged            |    58 |    47 |    31 ||   136
